 Dungeon Crawl Stone Soup version 0.23-a0-650-ga4d50d4d25 (webtiles) character file.

375 jobez the Shield-Bearer (level 6, -1/56 HPs)
             Began as a Minotaur Fighter on Jan 4, 2019.
             Killed from afar by an orc wizard (8 damage)
             ... with a magic dart
             ... on level 4 of the Dungeon.
             The game lasted 00:07:24 (2958 turns).

jobez the Shield-Bearer (Minotaur Fighter)          Turns: 2958, Time: 00:07:24

Health: -1/56      AC:  6    Str: 21    XL:     6   Next: 44%
Magic:  5/5        EV:  8    Int:  6    God:
Gold:   181        SH: 10    Dex: 10    Spells: 5/5 levels left

rFire    . . .     SeeInvis .   a - +0 long sword
rCold    . . .     Gourm    .   c - +0 shield
rNeg     . . .     Faith    .   i - +0 scale mail
rPois    .         Spirit   .   (helmet restricted)
rElec    .         Reflect  .   (no cloak)
rCorr    .         Harm     .   (no gloves)
MR       .....                  (no boots)
Stlth    ..........             (no amulet)
HPRegen  0.18/turn              (no ring)
MPRegen  0.09/turn              (no ring)

@: no status effects
A: retaliatory headbutt, horns 2
a: no special abilities


You were on level 4 of the Dungeon.
You were hungry.

You visited 1 branch of the dungeon, and saw 4 of its levels.

You collected 181 gold pieces.

Inventory:

Hand Weapons
 a - a +0 long sword (weapon)
Armour
 c - a +0 shield (worn)
 i - a +0 scale mail (worn)
Magical Staves
 n - an uncursed staff of summoning {unknown}
Scrolls
 b - a scroll of remove curse {unknown}
 e - 9 scrolls of identify {unknown}
 k - 2 scrolls of enchant armour {unknown}
 p - a scroll of fear {unknown}
 q - a scroll of amnesia {unknown}
 s - a scroll of noise {unknown}
Potions
 d - a potion of might
 g - a potion of degeneration {unknown}
 h - 2 potions of invisibility {unknown}
 j - 2 potions of resistance {unknown}
 l - 3 potions of flight {unknown}
 m - a potion of agility {unknown}
 o - 2 potions of cancellation {unknown}
 r - a potion of brilliance {unknown}
 t - a potion of heal wounds {unknown}
Comestibles
 f - 8 rations


   Skills:
 + Level 5.5 Fighting
 + Level 5.1 Long Blades
 - Level 3.6 Armour
 - Level 0.5 Dodging
 - Level 0.2 Stealth
 + Level 6.1 Shields


You had 5 spell levels left.
You didn't know any spells.
Your spell library was empty.

Dungeon Overview and Level Annotations

Branches:
Dungeon (4/15)             Temple (0/1) D:4

Altars:
Nemelex Xobeh


Innate Abilities, Weirdness & Mutations

You reflexively headbutt those who attack you in melee.
You have a pair of horns on your head.


Message History

You are too injured to fight recklessly!
You are too injured to fight recklessly!
Your shield prevents you from hitting the orc wizard.
The orc wizard hits you with a +0 dagger.
* * * LOW HITPOINT WARNING * * *
You block the orc wizard's attack.
You hit the orc wizard but do no damage.
You block the orc wizard's attack.
The orc wizard hits you with a +0 dagger.
* * * LOW HITPOINT WARNING * * *
Your shield and scale mail prevent you from hitting the orc wizard.
You headbutt the orc wizard.
The orc wizard is moderately wounded.
The orc wizard hits you with a +0 dagger.
* * * LOW HITPOINT WARNING * * *
You closely miss the orc wizard.
The orc wizard is moderately wounded.
The orc wizard points at you and mumbles some strange words.
The magic dart hits you!
You die...

#.........#####+##
#.....##..##.....#
#.######..##.....# #+
#..##.........# +.............#
#.............# ##### #
#'###..###'####
##...###.###o#######...######
....#......@#....#.........#
######...#.......#....#.........#
....##...#.......'....#.........#
.........+.......#....#.........#
....##...##..##.###..############
....##...##..######).###...
#'####.....................
...........................
...........................


You could see an orc wizard.

Vanquished Creatures
  Menkaure (D:4)
  A hound (D:4)
  A bullfrog skeleton (D:4)
  A worker ant (D:4)
  A hound skeleton (D:4)
  Robin (D:3)
  6 adders
  2 oozes
  An adder skeleton (D:4)
  A worm (D:2)
  A dart slug (D:1)
  4 giant cockroaches
  15 goblins
  10 hobgoblins
  10 jackals
  2 quokkas
  A ball python (D:2)
  7 bats
  A frilled lizard (D:2)
  5 kobolds
  5 rats
77 creatures vanquished.

Notes
Turn   | Place    | Note
-------+----------+-------------------------------------------
     0 | D:1      | jobez the Minotaur Fighter began the quest for the Orb.
     0 | D:1      | Reached XP level 1. HP: 19/19 MP: 0/0
   134 | D:1      | Reached XP level 2. HP: 24/27 MP: 1/1
   137 | D:1      | Reached skill level 4 in Shields
   338 | D:1      | You fall through a shaft!
   347 | D:2      | Reached XP level 3. HP: 27/33 MP: 2/2
   674 | D:2      | Found a sparkling altar of Nemelex Xobeh.
   755 | D:2      | Reached XP level 4. HP: 40/40 MP: 3/3
   775 | D:2      | Found a sparkling altar of Nemelex Xobeh.
  1018 | D:2      | Reached skill level 5 in Shields
  1785 | D:3      | Noticed Robin
  1808 | D:3      | Killed Robin
  2247 | D:3      | Reached XP level 5. HP: 47/47 MP: 4/4
  2874 | D:4      | Found a staircase to the Ecumenical Temple.
  2889 | D:4      | Reached skill level 5 in Fighting
  2931 | D:4      | Noticed Menkaure
  2938 | D:4      | Killed Menkaure
  2938 | D:4      | Reached skill level 5 in Long Blades
  2938 | D:4      | Reached skill level 6 in Shields
  2938 | D:4      | Reached XP level 6. HP: 13/56 MP: 5/5
  2958 | D:4      | Killed from afar by an orc wizard

Vault maps used:
D:1:      elethiomel_arrival_fortress_basement
D:2:      nemelex_xobeh_ov_fountains_minmay, minmay_misc_feat_columns,
          nemelex_diamond_rough_becter
D:3:      lightli_corner_chamber, uniq_robin
D:4:      minmay_temple_entry_butterflies, uniq_crazy_yiuf_cottage,
          uniq_menkaure

Skill      XL: |  1  2  3  4  5 |
---------------+----------------+-----
Shields        | 4 5 6 |  6.1
Fighting       | 4 5 |  5.5
Long Blades    | 3 4 5 |  5.1
Armour         | |  3.6
Dodging        | |  0.5
Stealth        | |  0.2

Action                   |  1- 3 |  4- 6 || total
-------------------------+-------+-------++-------
Melee: Long sword        |    76 |   116 ||   192
       Headbutt          |    13 |    22 ||    35
  Eat: Chunk             |       |     6 ||     6
Armor: Scale mail        |    26 |    39 ||    65
Dodge: Dodged            |    26 |    30 ||    56
Block: Shield            |    48 |    61 ||   109
       Rpst.: Long sword |     4 |     8 ||    12

Table legend:
 A = Non-vault XP
 B = Vault XP
 C = Vault XP percentage of total XP
 D = Non-vault monster count
 E = Vault monster count
 F = Vault count percentage of total count
                 A         B        C        D         E       F
            +---------+---------+-------+---------+---------+-------
      Total |     323 |     213 |  39.7 |      64 |      13 |  16.9
            +---------+---------+-------+---------+---------+-------
        D:1 |      31 |       0 |   0.0 |      17 |       0 |   0.0
        D:2 |     103 |       0 |   0.0 |      23 |       0 |   0.0
        D:3 |      38 |      38 |  50.0 |      15 |      12 |  44.4
        D:4 |     151 |     175 |  53.7 |       9 |       1 |  10.0
            +---------+---------+-------+---------+---------+-------
